 Dungeon Crawl Stone Soup version 0.29.0-4-gdea44cf6ec (webtiles) character file.

Game seed: 1424273858862404956

287 qw the Chopper (level 6, 0/48 HPs)
             Began as a Barachi Chaos Knight on Sept 3, 2022.
             Slain by a meliai (shapeshifter) (5 damage)
             ... on level 4 of the Dungeon.
             The game lasted 00:01:48 (3370 turns).

qw the Chopper (Barachi Chaos Knight)               Turns: 3370, Time: 00:01:48

Health: 0/48       AC: 11    Str: 15    XL:     6   Next: 30%
Magic:  6/6        EV:  6    Int: 13    God:
Gold:   189        SH:  0    Dex: 11    Spells: 5/5 levels left

rFire   . . .      SeeInvis +   Y - +1 hand axe (chaos)
rCold   + . .      Faith    .   (no shield)
rNeg    . . .      Spirit   .   b - +0 chain mail
rPois   .          Reflect  .   (no helmet)
rElec   .          Harm     .   (no cloak)
rCorr   .          Rampage  .   (no gloves)
Will    .....                   (no boots)
Stlth   ..........              (no amulet)
HPRegen 0.16/turn               i - ring of protection from cold
MPRegen 0.10/turn               (no ring)

@: about to teleport, slow
A: amphibious, slowness 1, strong legs 1, +LOS, iridescent scales 1, see
invisible, MP-powered wands
a: Hop


You were on level 4 of the Dungeon.
You visited 1 branch of the dungeon, and saw 4 of its levels.

You collected 189 gold pieces.


Innate Abilities, Weirdness & Mutations

You are amphibious.
You cover ground slowly.
You can hop short distances.
You have an extended range of vision and can be seen from far away.
You are partially covered in iridescent scales. (AC +2)
You have supernaturally acute eyesight. (SInv)
You expend magic power (3 MP) to strengthen your wands.


   Skills:
 - Level 4.2 Fighting
 + Level 7.0 Axes
 - Level 3.0 Armour
 - Level 1.1 Dodging


You had 5 spell levels left.
You didn't know any spells.
Your spell library was empty.

Inventory:

Hand Weapons
 a - a +0 flail
 Y - a +1 hand axe of chaos (weapon)
Armour
 b - a +0 chain mail (worn)
 e - a +0 helmet
Jewellery
 i - a ring of protection from cold (left hand)
Scrolls
 g - a scroll of identify {unknown}
 j - a scroll of teleportation
Potions
 d - a potion of curing
 f - a potion of might {unknown}
 h - a potion of heal wounds
 k - a potion of attraction {unknown}
Miscellaneous
 c - a piece from Xom's chessboard (15/15)

Dungeon Overview and Level Annotations

Branches:
Dungeon (4/15)
 Temple: D:4-7

Altars:
Xom

Shops:
D:1 (   D:3 :

Annotations:
D:2 1 runed translucent door, Crazy Yiuf


Message History

The black bear claws you but does no damage.
The black bear closely misses you.
You barely miss the black bear.
The black bear is moderately wounded.
The black bear barely misses you. The black bear closely misses you.
The black bear claws you but does no damage.
You closely miss the black bear.
The black bear is moderately wounded.
The black bear closely misses you.
The black bear claws you but does no damage.
The black bear closely misses you.
You hit the black bear. You burn the black bear.
The black bear is moderately wounded.
The black bear bites you but does no damage.
The black bear claws you. x2
You closely miss the black bear.
The black bear is moderately wounded.
You hit the black bear. You burn the black bear.
The black bear is severely wounded.
The black bear bites you but does no damage.
The black bear claws you but does no damage. x2
You hit the black bear. You freeze the black bear.
The black bear is almost dead.
The black bear bites you. The black bear closely misses you.
The black bear claws you.
You hit the black bear.
The black bear changes into a shapeshifter!
The shapeshifter is moderately wounded.
The shapeshifter changes into a meliai!
You hit the meliai.
The meliai flickers and vanishes for a moment.
The meliai is moderately wounded.
The meliai hits you.
The meliai stings you but does no damage.
The meliai hits you. The meliai stings you.
3370 ||| READING 2 scrolls of teleportation.
As you read the scroll of teleportation, it crumbles to dust.
You feel strangely unstable. The meliai hits you but does no damage.
The meliai stings you.
You die...

... ## #.. ..
#.. .. #.# .#
#.# .# #.# .#
########.## .#
..........###y#
............@.#
########.###.##
#.# #... #.#
##### #.# #.# #
### #.#
#.####.###.#
#.......##.#


You could see a meliai shaped shifter (invisible).

Vanquished Creatures
  4 crimson imps (D:3)
  A hound (D:4)
  Jessica (D:3)
  4 adders
  3 worms
  2 dart slugs (D:3)
  An orc (D:4)
  5 bats
  3 endoplasms
  3 giant cockroaches
  4 goblins
  3 hobgoblins (D:2)
  2 jackals (D:3)
  A kobold (D:3)
  3 quokkas
  5 ball pythons
  2 frilled lizards (D:3)
  8 rats
55 creatures vanquished.

Notes
Turn   | Place    | Note
-------+----------+-------------------------------------------
     0 | D:1      | qw the Barachi Chaos Knight began the quest for the Orb.
     0 | D:1      | Reached XP level 1. HP: 18/18 MP: 1/1
     0 | D:1      | 0 ||| qw: Version: 0.1-a-102-g441f92d
     0 | D:1      | 0 ||| qw: Game counter: 5274
     0 | D:1      | 0 ||| qw: Always use a shield: true
     0 | D:1      | 0 ||| qw: God list: Okawaru
     0 | D:1      | 0 ||| qw: Allow faded altars: false
     0 | D:1      | 0 ||| qw: Do Orc after D:15 true
     0 | D:1      | 0 ||| qw: Do second Lair branch before Depths: true
     0 | D:1      | 0 ||| qw: Lair rune preference: random
     0 | D:1      | 0 ||| qw: Plans: Normal
     0 | D:1      | 0 ||| PLANNING D:1-11
     0 | D:1      | Fell from the grace of Xom
    95 | D:1      | Found Lusexty's Weapon Emporium.
   104 | D:1      | 104 ||| SHOPLISTING +0 morningstar (56 gold, have 15).
   104 | D:1      | 104 ||| SHOPLISTING +0 whip (35 gold, have 15).
   104 | D:1      | 104 ||| SHOPLISTING +1 mace of protection (148 gold, have
                  | 15).
   199 | D:1      | Found a faded altar of an unknown god.
   912 | D:1      | 912 ||| UPGRADING to ring of protection from cold.
   913 | D:1      | 913 ||| READING scroll labelled XOUDIR KYMU.
   914 | D:1      | 914 ||| READING scroll labelled ZUTAMP XIOSENN.
   915 | D:1      | 915 ||| READING scroll labelled GYTUH GU BAY.
   920 | D:1      | 920 ||| READING scroll labelled ITUSIC MOXTIKK.
   930 | D:2      | XOM: noise
   952 | D:2      | Reached XP level 2. HP: 24/24 MP: 2/2
   952 | D:2      | 952 ||| Stepping ~*~*~tactically~*~*~ (stealth).
   954 | D:2      | 954 ||| Stepping ~*~*~tactically~*~*~ (stealth).
   958 | D:2      | 958 ||| Stepping ~*~*~tactically~*~*~ (stealth).
   966 | D:2      | 966 ||| Stepping ~*~*~tactically~*~*~ (stealth).
   967 | D:2      | 967 ||| Stepping ~*~*~tactically~*~*~ (stealth).
   977 | D:2      | Reached skill level 4 in Axes
   980 | D:2      | 980 ||| FLEEEEING.
   981 | D:2      | 981 ||| FLEEEEING.
   982 | D:2      | 982 ||| FLEEEEING.
   983 | D:2      | 983 ||| FLEEEEING.
   984 | D:2      | 984 ||| FLEEEEING.
   988 | D:2      | 988 ||| STAIRDANCE
  1169 | D:2      | Reached XP level 3. HP: 25/29 MP: 3/3
  1221 | D:2      | 1221 ||| DROPPING +0 club.
  1373 | D:2      | 1373 ||| Stepping ~*~*~tactically~*~*~ (stealth).
  1375 | D:2      | 1375 ||| Stepping ~*~*~tactically~*~*~ (stealth).
  1377 | D:2      | 1377 ||| Stepping ~*~*~tactically~*~*~ (stealth).
  1383 | D:2      | 1383 ||| Stepping ~*~*~tactically~*~*~ (stealth).
  1385 | D:2      | 1385 ||| Stepping ~*~*~tactically~*~*~ (stealth).
  1394 | D:2      | 1394 ||| Stepping ~*~*~tactically~*~*~ (stealth).
  1395 | D:2      | 1395 ||| Stepping ~*~*~tactically~*~*~ (stealth).
  1396 | D:2      | 1396 ||| Stepping ~*~*~tactically~*~*~ (stealth).
  1397 | D:2      | 1397 ||| Stepping ~*~*~tactically~*~*~ (stealth).
  1398 | D:2      | 1398 ||| Stepping ~*~*~tactically~*~*~ (stealth).
  1431 | D:2      | 1431 ||| Stepping ~*~*~tactically~*~*~ (stealth).
  1492 | D:2      | 1492 ||| Stepping ~*~*~tactically~*~*~ (stealth).
  1498 | D:2      | Reached skill level 5 in Axes
  1687 | D:2      | Found a runed translucent door.
  1688 | D:2      | Noticed Crazy Yiuf
  1858 | D:2      | XOM: summons 1 hostile demon
  1859 | D:2      | Noticed a chaos spawn
  1868 | D:2      | HP: 2/29 [chaos spawn[Xom] (16)]
  2086 | D:2      | XOM: stat loss: -3 Str (12/15)
  2119 | D:2      | XOM: torment (14/29 hp)
  2298 | D:2      | 2298 ||| UPGRADING to +0 ring mail.
  2308 | D:2      | 2308 ||| DROPPING +2 leather armour.
  2309 | D:2      | 2309 ||| DRINKING 2 fuming yellow potions.
  2310 | D:2      | 2310 ||| DRINKING 2 fizzy coppery potions.
  2365 | D:2      | 2365 ||| DROPPING potion of lignification.
  2416 | D:3      | 2416 ||| STAIRDANCE
  2441 | D:2      | XOM: give mutations
  2441 | D:2      | Gained mutation: You expend magic power (3 MP) to
                  | strengthen your wands. [Xom's grace]
  2441 | D:2      | Gained mutation: You are partially covered in iridescent
                  | scales. (AC +2) [Xom's grace]
  2441 | D:2      | Gained mutation: You have supernaturally acute eyesight.
                  | (SInv) [Xom's grace]
  2510 | D:3      | 2510 ||| STAIRDANCE
  2611 | D:3      | Reached XP level 4. HP: 36/36 MP: 4/4
  2648 | D:3      | 2648 ||| Stepping ~*~*~tactically~*~*~ (stealth).
  2690 | D:3      | Noticed Jessica
  2704 | D:3      | Killed Jessica
  2759 | D:3      | XOM: summons 4 hostile shadow creatures
  2791 | D:3      | Found a shimmering altar of Xom.
  2800 | D:3      | Reached skill level 6 in Axes
  2800 | D:3      | Reached XP level 5. HP: 41/41 MP: 5/5
  2816 | D:3      | 2816 ||| Stepping ~*~*~tactically~*~*~ (hiding).
  2819 | D:3      | 2819 ||| Stepping ~*~*~tactically~*~*~ (hiding).
  2839 | D:3      | 2839 ||| Stepping ~*~*~tactically~*~*~ (hiding).
  2850 | D:3      | Reached XP level 6. HP: 42/48 MP: 6/6
  2890 | D:3      | 2890 ||| Stepping ~*~*~tactically~*~*~ (hiding).
  2926 | D:3      | 2926 ||| Stepping ~*~*~tactically~*~*~ (hiding).
  2938 | D:3      | Found Iwkaphil's Vocational Training.
  2957 | D:3      | 2957 ||| Stepping ~*~*~tactically~*~*~ (stealth).
  2965 | D:3      | Reached skill level 7 in Axes
  3147 | D:3      | 3147 ||| UPGRADING to +0 chain mail.
  3157 | D:3      | 3157 ||| DROPPING +0 ring mail.
  3158 | D:3      | 3158 ||| READING scroll labelled TAINUFUTOTZ.
  3159 | D:3      | 3159 ||| READING scroll labelled GISIACOQIC.
  3160 | D:3      | 3160 ||| DRINKING 2 bubbling silvery potions.
  3205 | D:4      | XOM: noise
  3254 | D:4      | 3254 ||| DROPPING +0 mace.
  3353 | D:4      | Noticed a black bear
  3358 | D:4      | Reached skill level 3 in Armour
  3368 | D:4      | Noticed a shapeshifter
  3368 | D:4      | a black bear changed into a shapeshifter
  3368 | D:4      | Noticed a meliai
  3368 | D:4      | a shapeshifter changed into a meliai
  3369 | D:4      | HP: 10/48 [meliai (shapeshifter) (5)]
  3370 | D:4      | 3370 ||| READING 2 scrolls of teleportation.
  3370 | D:4      | Slain by a meliai (shapeshifter)

Levels and vault maps discovered:
D:1:      heliophobic_arrival_glass_houses, layout_loops_corners, serial_shops,
          shop, basic_ecumenical_altar, amethyst_killhole
D:2:      layout_rooms, uniq_crazy_yiuf_cottage
D:3:      layout_rooms, led_xom_imps, nicolae_shop_vocational, uniq_jessica
D:4:      minmay_chambers_of_twos, layout_loops_ring,
          minmay_temple_entry_glassed_door

Skill      XL: |  1  2  3  4  5  6 |
---------------+-------------------+-----
Axes           | 4 5 6 7 |  7.0
Fighting       | 4 |  4.2
Armour         | 3 |  3.0
Dodging        | |  1.1

Action                   |  1- 3 |  4- 6 || total
-------------------------+-------+-------++-------
Melee: Hand axe          |    76 |   114 ||   190
       Punch             |     1 |       ||     1
Invok: Renounce Religion |     1 |       ||     1
  Use: Scroll            |     4 |     3 ||     7
       Potion            |     2 |     1 ||     3
Armor: Leather armour    |    10 |       ||    10
       Ring mail         |     2 |    27 ||    29
       Chain mail        |       |    23 ||    23
Dodge: Dodged            |    38 |    46 ||    84

Table legend:
 A = Non-vault XP
 B = Vault XP
 C = Vault XP percentage of total XP
 D = Non-vault monster count
 E = Vault monster count
 F = Vault count percentage of total count
                 A         B        C        D         E       F
            +---------+---------+-------+---------+---------+-------
      Total |     181 |     229 |  55.9 |      50 |       5 |   9.1
            +---------+---------+-------+---------+---------+-------
        D:1 |       5 |       0 |   0.0 |       3 |       0 |   0.0
        D:2 |      75 |       0 |   0.0 |      22 |       0 |   0.0
        D:3 |      52 |     229 |  81.5 |      20 |       5 |  20.0
        D:4 |      49 |       0 |   0.0 |       5 |       0 |   0.0
            +---------+---------+-------+---------+---------+-------
